 Dungeon Crawl Stone Soup version 0.28.0-53-g5a82cb258f (webtiles) character file.

Game seed: 1904683652100535007

3829 Duralumin the Slicer (level 10, -6/70 HPs)
             Began as a Formicid Fighter on Aug 21, 2022.
             Mangled by an orc warrior
             ... wielding a +0 battleaxe
              (10 damage)
             ... in a bailey on Aug 22, 2022.
             The game lasted 00:25:31 (6999 turns).

Duralumin the Slicer (Formicid Fighter)             Turns: 6999, Time: 00:25:31

Health: -6/70      AC: 16    Str: 25    XL:     10   Next: 40%
Magic:  10/10      EV:  7    Int:  8    God:
Gold:   314        SH:  5    Dex: 16    Spells: 9/9 levels left

rFire   . . .      SeeInvis +   H - +7 pair of quick blades "Gyre" and "Gimble" {protect}
rCold   . . .      Faith    .   c - +0 buckler
rNeg    . . .      Spirit   .   D - +0 chain mail
rPois   .          Reflect  .   (helmet unavailable)
rElec   .          Harm     .   (no cloak)
rCorr   .          Rampage  .   (no gloves)
Will    +....                   (no boots)
Stlth   ..........              F - amulet of magic regeneration
HPRegen 0.21/turn               v - +6 ring of dexterity
MPRegen 0.52/turn               (no ring)

@: under a protective aura
A: permanent stasis, dig shafts and tunnels, antennae 3, four strong arms
a: Dig


You were in a bailey.
You visited 1 branch of the dungeon, and saw 7 of its levels.
You also visited: Bailey.

You collected 314 gold pieces.

Inventory:

Hand Weapons
 a - a +0 war axe
 f - a +1 mace of protection
 h - a +2 vampiric hand axe
 i - a +0 flail
 o - a +0 hand axe
 p - a +0 battleaxe
 t - a +2 morningstar of protection
 w - a +0 hunting sling
 y - a +0 whip of draining
 A - a +0 fustibalus of freezing
 C - the +9 short sword of Byssuila {vorpal, rCorr}
   (You found it on level 5 of the Dungeon)

   It inflicts extra damage upon your enemies.
   rCorr:     It protects you from acid and corrosion.
 H - the +7 pair of quick blades "Gyre" and "Gimble" (weapon) {protect}
   (You found it on level 5 of the Dungeon)

   It grants its wielder temporary protection when it strikes (+7 to AC).
 J - a +0 long sword
 K - a +3 spear of distortion
Missiles
 e - 318 stones
 z - 4 boomerangs
 I - a curare-tipped dart (quivered)
 N - 2 poisoned darts
Armour
 b - a +0 scale mail
 c - a +0 buckler (worn)
 D - a +0 chain mail (worn)
Jewellery
 u - a +6 ring of intelligence
 v - a +6 ring of dexterity (left hand)
 F - an amulet of magic regeneration (around neck)
Wands
 O - a wand of iceblast (4)
Scrolls
 g - a scroll of teleportation
 l - 2 scrolls of immolation
 m - 2 scrolls of magic mapping
 n - 3 scrolls of fog {unknown}
 q - 4 scrolls of torment
 r - a scroll of enchant armour {unknown}
 G - 2 scrolls of brand weapon {unknown}
 M - 2 scrolls of blinking {unknown}
Potions
 d - 3 potions of might
 j - 2 potions of attraction
 k - 3 potions of haste
 s - 2 potions of mutation {unknown}
 x - 2 potions of ambrosia {unknown}
 B - a potion of cancellation {unknown}
 E - a potion of curing {unknown}
 L - a potion of flight {unknown}


   Skills:
 - Level 3.2 Fighting
 + Level 8.7 Short Blades
 - Level 8.2(9.7) Axes
 - Level 8.1(9.7) Maces & Flails
 - Level 3.2 Armour
 - Level 3.6 Shields


You had 9 spell levels left.
You didn't know any spells.
Your spell library contained the following spells:

 Spells                   Type           Power      Damage    Failure   Level
 Ensorcelled Hibernation  Hex/Ice        0%         N/A       99%         2
 Passwall                 Tmut/Erth      0%         N/A       99%         2
 Swiftness                Air            Unusable   N/A       N/A         3

Dungeon Overview and Level Annotations

Branches:
Dungeon (7/15)             Temple (0/1) D:7          Bailey (1/1)

Altars:
Ru

Shops:
D:7 *


Innate Abilities, Weirdness & Mutations

You cannot be hasted, slowed, berserked, paralysed or teleported.
You can dig through walls and to a lower floor.
You have a pair of large antennae on your head. (SInv)
Your four strong arms can wield two-handed weapons with a shield.


Message History

Throw: 3 darts (curare)
Press: ? - help, Q - select action, (/) - cycle Shift-Dir - straight line, f - orc warlord
Aim: an orc warlord, wielding a +3 great sword and wearing a +0 chain mail (68% to hit)
You throw a curare-tipped dart.
The curare-tipped dart hits the orc warlord.
The orc warlord is poisoned.
The orc warlord convulses.
The orc warlord seems to slow down.
The orc warlord is lightly wounded.
Throw: 2 darts (curare)
Press: ? - help, Q - select action, (/) - cycle Shift-Dir - straight line, f/p - orc warlord
Aim: an orc warlord, wielding a +3 great sword and wearing a +0 chain mail (lightly wounded, very poisoned, slow, 68% to hit)
You throw a curare-tipped dart.
The curare-tipped dart hits the orc warlord.
The orc warlord looks as sick as possible!
The orc warlord convulses.
The orc warlord seems to be slow for longer.
The orc warlord is lightly wounded.
An orc warrior comes into view. It is wielding a +0 battleaxe.
The orc warrior shouts!
You block the orc warrior's attack.
There is an open door here.
The orc warrior hits you but does no damage.
You hit the orc warrior but do no damage.
Your weapon exudes an aura of protection.
You puncture the orc warrior!
The orc warrior hits you with a +0 battleaxe!
* * * LOW HITPOINT WARNING * * *
Okay, then.
Unknown command.
Unknown command.
Unknown command.
Unknown command.
Unknown command.
Unknown command.
Unknown command.
You barely miss the orc warrior. x2
You hit the orc warrior. x2
You puncture the orc warrior! You barely miss the orc warrior.
The orc warrior hits you with a +0 battleaxe!
You die...

###.#'#.....###
###.
###.....###.###.{
##
##!........###....
#..........8##....
{
#..........8#.....
#∩....⌠.....'.....
#..........8#.....
#..........8# ...
##....@o...### .
###.....###.### ##
###.#'#.....###
###.
###.........###...
#.....{.)...#....
#..........)#...)
#.....⌠....)#....
#...........(.(..
#...........#....


You could see an orc warrior.

Vanquished Creatures
  2 orc knights (Bailey)
  Sigmund (D:4)
  2 water moccasins (D:6)
  7 orc warriors
  2 sky beasts (D:6)
  2 black bears
  An ice beast (D:5)
  A bullfrog (D:6)
  3 scorpions
  A water moccasin skeleton (D:4)
  3 wights (D:6)
  A hound (D:6)
  A jelly (D:6)
  2 bullfrog skeletons
  2 orc priests (D:3)
  An iguana (D:5)
  4 orc wizards
  10 gnolls
  A howler monkey skeleton (D:6)
  6 adders
  A shadow imp (D:5)
  2 ufetubi
  An adder skeleton (D:4)
  5 worms
  2 dart slugs
  21 orcs
  8 endoplasms
  2 giant cockroaches
  5 hobgoblins (Bailey)
  2 jackals (D:2)
  2 quokkas
  11 ball pythons
  7 bats
  3 frilled lizards
  14 goblins
  5 kobolds
  3 rats
147 creatures vanquished.

Vanquished Creatures (collateral kills)
  An orc knight (Bailey)
1 creature vanquished.

Grand Total: 148 creatures vanquished

Notes
Turn   | Place    | Note
-------+----------+-------------------------------------------
     0 | D:1      | Duralumin the Formicid Fighter began the quest for the Orb.
     0 | D:1      | Reached XP level 1. HP: 18/18 MP: 1/1
   220 | D:1      | Reached XP level 2. HP: 24/24 MP: 2/2
   306 | D:1      | Reached skill level 1 in Maces & Flails
   458 | D:1      | Reached XP level 3. HP: 16/29 MP: 3/3
  1111 | D:2      | Reached XP level 4. HP: 35/35 MP: 4/4
  1517 | D:2      | Found a sacrificial altar of Ru.
  1827 | D:3      | Reached XP level 5. HP: 41/41 MP: 5/5
  2335 | D:3      | Found a faded altar of an unknown god.
  2644 | D:3      | Reached skill level 5 in Maces & Flails
  2646 | D:3      | Reached XP level 6. HP: 25/47 MP: 6/6
  3108 | D:4      | Noticed Sigmund
  3123 | D:4      | Killed Sigmund
  3124 | D:4      | Reached XP level 7. HP: 31/52 MP: 7/7
  4020 | D:5      | Entered Level 5 of the Dungeon
  4154 | D:5      | Reached XP level 8. HP: 49/58 MP: 8/8
  4240 | D:5      | Identified the +9 short sword of Byssuila {vorpal, rCorr}
  4784 | D:5      | Found the +7 pair of quick blades "Gyre" and "Gimble"
                  | {protect}
  5082 | D:6      | Reached skill level 5 in Short Blades
  5269 | D:6      | Reached XP level 9. HP: 52/64 MP: 9/9
  5654 | D:7      | Found Nogathren's Assorted Antiques.
  5656 | D:7      | Found a flagged portal.
  5691 | Bailey   | Entered a bailey
  5919 | Bailey   | Noticed an orc knight
  5957 | Bailey   | Killed an orc knight
  5979 | Bailey   | Reached skill level 5 in Axes
  6186 | Bailey   | Noticed an orc knight
  6238 | Bailey   | Killed an orc knight
  6239 | Bailey   | Reached XP level 10. HP: 13/70 MP: 10/10
  6901 | Bailey   | Noticed an orc knight
  6962 | Bailey   | Noticed an orc warlord
  6963 | Bailey   | Killed an orc knight
  6970 | Bailey   | Acquired 654 gold pieces
  6995 | Bailey   | HP: 3/70 [orc warrior/+0 battleaxe (12)]
  6999 | Bailey   | Mangled by an orc warrior

Illustrated notes

Levels and vault maps discovered:
D:1:      minmay_arrival_five_plusses, layout_loops_ring
D:2:      kennysheep_big_flooded_room, layout_loops_ring, basic_altar
D:3:      layout_loops_cross, dreamdust_ecumenical_altar_grove,
          grunt_ministairs_4
D:4:      layout_loops_ring, uniq_sigmund
D:5:      layout_loops_corners, minivault_14
D:6:      layout_rooms, minmay_stone_trees_small, minmay_hedge_maze
D:7:      layout_loops_cross, minmay_temple_entry_gardened_gates,
          enter_bailey_2, serial_shops, shop, kennysheep_path_1,
          kennysheep_opposing_triangles
Bailey:   bailey_axe_minmay_hex_keep, bailey

Skill      XL: |  1  2  3  4  5  6  7  8  9 10 |
---------------+-------------------------------+-----
Maces & Flails | 1 2 4 5 6 7 8 |  8.1
Short Blades   | 6 7 8 |  8.7
Axes           | 6 8 |  8.2
Fighting       | |  3.2
Armour         | |  3.2
Shields        | |  3.6

Action                   |  1- 3 |  4- 6 |  7- 9 | 10-12 || total
-------------------------+-------+-------+-------+-------++-------
Melee: War axe           |    21 |       |       |       ||    21
       Mace              |    65 |    77 |       |       ||   142
       Morningstar       |       |    45 |    38 |       ||    83
       Pair of quick bla |       |       |    59 |    39 ||    98
       Short sword       |       |       |    24 |    19 ||    43
       Hand axe          |       |       |    88 |    32 ||   120
Throw: Dart              |       |       |    12 |    12 ||    24
       Boomerang         |       |       |     2 |       ||     2
       Stone             |       |       |     1 |     2 ||     3
  Use: Scroll            |       |       |    11 |     1 ||    12
       Potion            |       |       |     2 |       ||     2
Armor: Scale mail        |    48 |    66 |    15 |       ||   129
       Chain mail        |       |       |    41 |     8 ||    49
Dodge: Dodged            |    45 |    63 |    45 |    10 ||   163
Block: Buckler           |    25 |    19 |    31 |     6 ||    81
